 Dungeon Crawl Stone Soup version 0.31-a0-640-g39d97e502b (webtiles) character file.

Game seed: 16996161264288782060

534 javelincjr the Changeling (level 7, -4/67 HPs)
             Began as a Troll Shapeshifter on Aug 28, 2023.
             Slain by a gnoll
             ... wielding a +0 halberd
             ... led by a gnoll sergeant
              (14 damage)
             ... on level 5 of the Dungeon.
             The game lasted 00:14:05 (3421 turns).

javelincjr the Changeling (Troll Shapeshifter)      Turns: 3421, Time: 00:14:05

Health: -4/67      AC:  4    Str: 25    XL:     7   Next: 4%
Magic:  0/6        EV: 10    Int: 12    God:
Gold:   40         SH:  0    Dex:  9    Spells: 6/6 levels left

rFire   . .          .
                       - Unarmed
rCold   . . .        (no shield)
rNeg    . . .        a - +0 animal skin
rPois   .            (helmet currently unavailable)
rElec   .            (cloak currently unavailable)
rCorr   .            (gloves unavailable)
SInv    .            (boots unavailable)
Will    .....        s - amulet of guardian spirit
Stlth   +            l - +6 ring of intelligence
HPRegen 1.11/turn    (no ring)
MPRegen 0.10/turn

%: guardian spirit
@: beast-form
A: beast (slay +2), large, unfitting armour, claws 3, regeneration 1, shaggy fur
1, tough skin 1
a: Begin Untransformation


You were on level 5 of the Dungeon.
You were a hulking beast.
You visited 1 branch of the dungeon, and saw 5 of its levels.

You collected 204 gold pieces.
You spent 164 gold pieces at shops.

Inventory:

Hand Weapons
 p - a +2 spear of pain
Missiles
 h - 4 large rocks
 w - 3 javelins
 y - 6 poisoned darts
Armour
 a - a +0 animal skin (worn)
Jewellery
 l - a +6 ring of intelligence (left claw)
 s - an amulet of guardian spirit (around neck)
 v - an amulet of the acrobat
Talismans
 c - a beast talisman (active)
 d - a flux talisman
Scrolls
 e - 5 scrolls of identify {unknown}
 j - 2 scrolls of fog {unknown}
 k - a scroll of torment {unknown}
 m - a scroll of enchant armour {unknown}
 n - a scroll of teleportation {unknown}
 o - a scroll of revelation {unknown}
 r - 3 scrolls of fear {unknown}
 u - a scroll of poison {unknown}
 x - 3 scrolls of blinking
 z - a scroll of noise {unknown}
Potions
 b - 2 potions of lignification
 f - a potion of brilliance {unknown}
 g - a potion of heal wounds {unknown}
 i - a potion of haste {unknown}
 q - 2 potions of attraction {unknown}
 t - a potion of berserk rage {unknown}


   Skills:
 * Level 3.3 Fighting
 + Level 2.7 Dodging
 * Level 4.6 Unarmed Combat
 * Level 4.8 Shapeshifting


You had 6 spell levels left.
You didn't know any spells.
Your spell library was empty.

Dungeon Overview and Level Annotations

Branches:
Dungeon (5/15)
 Temple: D:4-7

Altars:
Okawaru
Zin

Shops:
D:4 ?


Innate Abilities, Weirdness & Mutations

You are a hulking beast.
Your limbs bulge with bestial killing power. (Slay +2)
You are too large for most types of armour.
You have claws for hands.
Your natural rate of healing is unusually fast.
You are covered in fur. (AC +1)
You have tough skin. (AC +1)


Message History

x - 3 scrolls of blinking (gained 1)
Found a scale mail.
Duvessa is nearby!
Duvessa shouts!
Duvessa goes berserk!
You hear a shout! x2; You hear an angry hiss.
A gnoll comes into view. It is wielding a +0 halberd.
Duvessa rages.
You see here a +0 scale mail.
Duvessa attacks as she pursues you! Duvessa closely misses you.
You claw Duvessa!
Duvessa is lightly wounded.
Duvessa hits you with a +0 short sword! Duvessa misses you.
You barely miss Duvessa.
Duvessa is lightly wounded.
Duvessa hits you with a +0 short sword!
You closely miss Duvessa.
Duvessa is lightly wounded.
Duvessa hits you with a +0 short sword!
You mangle Duvessa!!
Duvessa is severely wounded.
Duvessa hits you but does no damage. Duvessa hits you with a +0 short sword!
You scratch Duvessa.
Duvessa is severely wounded.
Duvessa barely misses you.
You claw Duvessa!
Duvessa is almost dead.
Duvessa hits you with a +0 short sword. The gnoll barely misses you.
Duvessa hits you with a +0 short sword!
* * * LOW HITPOINT WARNING * * *
You closely miss Duvessa.
Duvessa is almost dead.
Duvessa hits you with a +0 short sword.
* * * LOW HITPOINT WARNING * * *
The gnoll hits you from afar with a +0 halberd.
* * * LOW HITPOINT WARNING * * *
You scratch Duvessa.
You kill Duvessa!
The gnoll hits you from afar with a +0 halberd!
You die...

. #.# ###.####.##.####.. #.#
#........##.####.# #..
#........##.##...# .........#
#.......###.#..### .........#
#.......###...## ..g......#
##########..### .........#
##...# .........#######
##..#.#
.........#.)h..###..##†#
......e..#g###.##..###.######
.........#.#...##.## #.......
.....(...#.#.####.# ###.....
########.....# #.# #.###.
#####.# #.# #..... #.# ##.#
###... #.###..### #.##
#........######...


You could see a gnoll.

Vanquished Creatures
  Duvessa (D:5)
  An ice beast (D:5)
  A scorpion (D:4)
  Dowan (D:5)
  A hound (D:5)
  A gnoll bouda (D:5)
  An iguana (D:5)
  Natasha (thrice) (D:2)
  Robin (D:2)
  5 gnolls (D:5)
  4 adders
  An ufetubus (D:5)
  4 worms
  A dart slug (D:2)
  5 orcs (D:3)
  4 ball pythons
  8 endoplasms
  4 giant cockroaches
  6 goblins
  8 hobgoblins
  3 kobolds (D:2)
  3 quokkas
  3 bats
  2 frilled lizards
  6 rats
78 creatures vanquished.

Notes
Turn   | Place    | Note
-------+----------+-------------------------------------------
     0 | D:1      | javelincjr the Troll Shapeshifter began the quest for the
                  | Orb.
     0 | D:1      | Reached XP level 1. HP: 18/18 MP: 0/0
   130 | D:1      | Reached skill level 1 in Fighting
   311 | D:1      | Reached XP level 2. HP: 27/27 MP: 1/1
   797 | D:2      | Noticed Natasha
   814 | D:2      | Killed Natasha
   815 | D:2      | Reached XP level 3. HP: 14/33 MP: 2/2
  1108 | D:2      | Noticed Robin
  1111 | D:2      | Noticed Natasha
  1115 | D:2      | Reached XP level 4. HP: 38/42 MP: 3/3
  1120 | D:2      | Killed Natasha
  1126 | D:2      | Killed Robin
  1161 | D:2      | Noticed Natasha
  1171 | D:2      | Killed Natasha
  1172 | D:2      | Reached XP level 5. HP: 45/50 MP: 4/4
  2192 | D:4      | Found an iron altar of Okawaru.
  2286 | D:4      | Found a glowing silver altar of Zin.
  2404 | D:4      | Found Nipamob's Magic Scroll Shop.
  2417 | D:4      | Bought a scroll of blinking for 82 gold pieces
  2984 | D:4      | Bought a scroll of blinking for 82 gold pieces
  2993 | D:5      | Entered Level 5 of the Dungeon
  2994 | D:5      | Noticed Duvessa
  2996 | D:5      | Noticed Dowan
  3061 | D:5      | Noticed an ice beast
  3089 | D:5      | Killed an ice beast
  3090 | D:5      | Reached XP level 6. HP: 61/61 MP: 5/5
  3343 | D:5      | Killed Dowan
  3344 | D:5      | Reached XP level 7. HP: 67/67 MP: 4/6
  3421 | D:5      | Killed Duvessa
  3421 | D:5      | Slain by a gnoll

Illustrated notes

Levels and vault maps discovered:
D:1:      elethiomel_arrival_shortcut, layout_loops_ring
D:2:      layout_loops_cross, minmay_3d_cube, uniq_natasha, uniq_robin
D:3:      layout_basic, chequers_jeans
D:4:      layout_basic, okawaru_gym_becter, nicolae_overflow_crystal_walls,
          serial_shops, nicolae_shop_stone
D:5:      layout_basic, overflow_temple_1_default,
          chequers_serial_rivers_micro_b, minmay_misc_feat_columns, uniq_duvessa

Skill      XL: |  1  2  3  4  5 |
---------------+----------------+-----
Fighting       | 1 2 3 |  3.3
Dodging        | 2 |  2.7
Shapeshifting  | 4 |  4.8
Unarmed Combat | 4 |  4.6

Action                     |  1- 3 |  4- 6 |  7- 9 || total
---------------------------+-------+-------+-------++-------
  Melee: Unarmed           |    55 |   126 |     8 ||   189
         Punch             |     1 |     2 |       ||     3
   Stab: Sleeping          |       |     1 |       ||     1
 Armour: Animal skin       |    24 |    24 |     1 ||    49
  Dodge: Dodged            |    26 |    56 |     4 ||    86

Table legend: (Time is in decaauts)
 A = Elapsed time spent in this place.
 B = Non-inter-level travel time spent in this place.
 C = Inter-level travel time spent in this place.
 D = Time resting spent in this place.
 E = Time spent auto-exploring this place.
 F = Levels seen in this place.
 G = Mean time per level.
                   A        B        C        D        E       F      G
               +--------+--------+--------+--------+--------+-----+--------+
         Total |   3418 |   3221 |    197 |     89 |   2504 |   5 |  683.6 |
       Dungeon |   3418 |   3221 |    197 |     89 |   2504 |   5 |  683.6 |
               +--------+--------+--------+--------+--------+-----+--------+

Top non-repeatable levels by time:
     D:4: 879 daAuts
     D:3: 773 daAuts
     D:2: 745 daAuts
     D:1: 674 daAuts
     D:5: 346 daAuts
